 Dungeon Crawl Stone Soup version 0.29.1-1-gd02db6906a (webtiles) character file.

Game seed: 18355744822064888390

39 Icepheonix32 the Insei (level 3, -1/26 HPs)
             Began as a Merfolk Transmuter on Oct 5, 2022.
             Slain by an adder (2 damage)
             ... on level 2 of the Dungeon.
             The game lasted 00:02:26 (2017 turns).

Icepheonix32 the Insei (Merfolk Transmuter)         Turns: 2017, Time: 00:02:27

Health: -1/26      AC:  2    Str: 10    XL:     3   Next: 45%
Magic:  6/6        EV: 13    Int: 14    God:
Gold:   56         SH:  0    Dex: 14    Spells: 1/7 levels left

rFire   . . .      SeeInvis .   d - +0 arbalest
rCold   . . .      Faith    .   (shield currently unavailable)
rNeg    . . .      Spirit   .   a - +0 robe
rPois   .          Reflect  .   (no helmet)
rElec   .          Harm     .   (no cloak)
rCorr   .          Rampage  .   (no gloves)
Will    .....                   (no boots)
Stlth   +.........              (no amulet)
HPRegen 0.08/turn               (no ring)
MPRegen 0.10/turn               (no ring)

@: lethally poisoned (-1 -> -2)
A: (nimble swimmer 2), mertail
a: no special abilities


You were on level 2 of the Dungeon.
You visited 1 branch of the dungeon, and saw 2 of its levels.

You collected 56 gold pieces.

Inventory:

Hand Weapons
 d - a +0 arbalest (weapon)
Armour
 a - a +0 robe (worn)
Scrolls
 e - 3 scrolls of teleportation {unknown}
 f - a scroll of amnesia {unknown}
 h - 2 scrolls of identify {unknown}
Potions
 b - a potion of lignification
 c - 2 potions of brilliance {unknown}
 g - a potion of curing {unknown}


   Skills:
 + Level 1.3 Fighting
 - Level 0.1 Ranged Weapons
 + Level 3.0 Dodging
 + Level 3.9 Unarmed Combat
 + Level 2.5 Spellcasting
 * Level 3.1 Transmutations


You had one spell level left.
You knew the following spells:

 Your Spells              Type           Power      Damage    Failure   Level
a - Beastly Appendage     Tmut           20%        N/A       6%          1
b - Wereblood             Tmut           10%        N/A       10%         2
c - Spider Form           Tmut/Pois      6%         N/A       34%         3

Your spell library contained the following spells:

 Spells                   Type           Power      Damage    Failure   Level
 Ozocubu's Armour         Ice            1%         N/A       56%         3
 Ice Form                 Ice/Tmut       6%         N/A       75%         4
 Ozocubu's Refrigeration  Ice            0%         4d7       100%        7


Dungeon Overview and Level Annotations

Branches:
Dungeon (2/15)

Altars:


Innate Abilities, Weirdness & Mutations

((You are very nimble when in or above water. (Stealth+, EV+, Speed+++)))
Your lower body shifts to a powerful aquatic tail in water.


Message History

Casting: Beastly Appendage (safe; 6% risk of failure)
Confirm with . or Enter, or press ? or * to list all spells.
You grow a pair of large bovine horns.
The adder bites you. x2
Unknown command.
You shoot a bolt. The bolt closely misses the adder.
The adder bites you. The adder misses you.
You shoot a bolt. The bolt hits the adder.
The adder is heavily wounded.
The adder bites you.
You are poisoned.
The adder poisons you! The adder barely misses you. x2
You shoot a bolt. The bolt barely misses the adder.
Your transformation is almost over.
You feel sick. The adder closely misses you.
The adder bites you but does no damage.
You shoot a bolt. The bolt misses the adder.
You feel sick. The adder bites you. The adder completely misses you.
You are too injured to fight recklessly!
Unknown command.
You barely miss the adder.
The adder is heavily wounded.
You feel sick.
You are no longer poisoned.
The adder barely misses you. The adder bites you.
You are poisoned.
The adder poisons you!
You completely miss the adder. Your headbutt misses the adder.
The adder is heavily wounded.
You feel sick. The adder barely misses you. The adder closely misses you.
You barely miss the adder.
The adder is heavily wounded.
Your horns disappear.
You feel sick. The adder bites you.
* * * LOW HITPOINT WARNING * * *
The adder completely misses you.
You closely miss the adder.
The adder is heavily wounded.
* * * LOW HITPOINT WARNING * * *
You feel sick. The adder closely misses you. The adder bites you.
You die...

..####..................
#.# ..#.....##.....#.#.
###.....##....## +#
............# ..!
##..#.#..#..# ....
#.##..#..#.... .....
#.#........###
#.....##S#.###..#.#
#.....†@...........#
#........#.#..#.#.##
..#####......##.#.#
####......# # ##...##
.### .# .#


You could see an adder.

Vanquished Creatures
  2 dart slugs (D:1)
  4 endoplasms
  4 hobgoblins (D:1)
  6 jackals
  A ball python (D:1)
  4 bats (D:1)
  2 frilled lizards (D:1)
  2 goblins (D:1)
  2 kobolds (D:1)
  5 rats
32 creatures vanquished.

Notes
Turn   | Place    | Note
-------+----------+-------------------------------------------
     0 | D:1      | Icepheonix32 the Merfolk Transmuter began the quest for the
                  | Orb.
     0 | D:1      | Reached XP level 1. HP: 15/15 MP: 3/3
   305 | D:1      | Reached XP level 2. HP: 18/21 MP: 3/5
  1305 | D:1      | Reached XP level 3. HP: 26/26 MP: 6/6
  1903 | D:1      | Learned a level 2 spell: Wereblood
  1907 | D:1      | Learned a level 3 spell: Spider Form
  2017 | D:2      | HP: 1/26 [poisoned by an adder]
  2017 | D:2      | Slain by an adder

Illustrated notes

Levels and vault maps discovered:
D:1:      dpeg_arrival_line_fractal, layout_rooms, serial_co_window_serial,
          co_window_corner_a, co_window_paths_b, co_window_paths_b,
          co_window_corner_a, co_window_of_opportunity_a,
          co_window_of_opportunity_a, co_window_paths_b, co_window_corner_ca,
          co_window_corner_ca, co_window_broadway_a, co_window_sun,
          co_window_4corner_a, glass_columns_c, glass_columns_a,
          glass_columns_b, minmay_misc_feat_columns
D:2:      layout_basic, hellmonk_ecumenical_altar_lost_god,
          hangedman_abyss_or_decor_lesser_grid

Skill      XL: |  1  2  3 |
---------------+----------+-----
Transmutations | 3 |  3.1
Dodging        | 3 |  3.0
Fighting       | |  1.3
Ranged Weapons | |  0.1
Unarmed Combat | |  3.9
Spellcasting   | |  2.5

Action                   || total
-------------------------++-------
Melee: Unarmed           ||    33
       Headbutt          ||     6
       Punch             ||     1
       Arbalest          ||    13
 Fire: Arbalest          ||    40
 Cast: Beastly Appendage ||     9
 Stab: Sleeping          ||     1
Armor: Robe              ||    22
Dodge: Dodged            ||    44
